Map: Dusk Towers

Players

Zanpakutō

  • Race: Protoss Protoss
  • League: Diamond

blackxored - Winner!

  • Race: Zerg Zerg
  • League: Diamond

VOD

Have the link to the VOD?

Description

Time

  • Played on: June 19, 2016, 3:36 p.m.
  • Length: 13:08
Show
View Real Time Build Order
Export as new Build Order

Zanpakutō Protoss 

Build Orders:  

Get SALT Encoding   

  12  0:01  Probe (Chrono Boost)  
  13  0:11  Probe (Chrono Boost)  
  14  0:19  Pylon  
  14  0:22  Probe (Chrono Boost)  
  15  0:37  Probe (Chrono Boost)  
  15  0:40  Gateway  
  16  0:45  Assimilator  
  16  0:48  Probe (Chrono Boost)  
  17  0:58  Probe (Chrono Boost)  
  18  1:05  Gateway  
  18  1:09  Probe (Chrono Boost)  
  19  1:20  Probe (Chrono Boost)  
  19  1:25  Pylon  
  20  1:30  Cybernetics Core, Probe (Chrono Boost)  
  21  1:41  Probe (Chrono Boost)  
  22  2:07  Adept x2  
  26  2:12  Nexus  
  26  2:21  Mothership Core (Chrono Boost)  
  28  2:34  Adept (Chrono Boost)  
  30  2:40  Warp Gate (Chrono Boost)  
  30  2:45  Pylon  
  30  2:46  Probe (Chrono Boost)  
  31  3:03  Probe  
  34  3:08  Stalker (Chrono Boost)  
  34  3:38  Probe  
  34  3:39  Probe  
  32  3:42  Assimilator  
  32  3:48  Gateway  
  32  3:51  Probe  
  32  3:52  Gateway  
  32  3:54  Gateway, Probe  
  33  3:57  Gateway  
  34  4:03  Probe  
  34  4:05  Probe  
  34  4:07  Pylon  
  36  4:15  Probe x2  
  38  4:22  Robotics Facility  
  38  4:26  Probe (Chrono Boost)  
  38  4:27  Stargate  
  38  4:28  Probe (Chrono Boost)  
  38  4:29  Pylon  
  40  4:33  Assimilator  
  40  4:38  Probe (Chrono Boost)  
  41  4:39  Probe (Chrono Boost)  
  42  4:52  Probe x2 (Chrono Boost)  
  44  4:53  Adept x4  
  52  5:03  Probe x2 (Chrono Boost)  
  52  5:06  Pylon  
  54  5:08  Assimilator  
  54  5:12  Warp Prism (Chrono Boost)  
  56  5:15  Probe  
  56  5:17  Probe  
  58  5:30  Adept  
  58  5:31  Adept x2  
  58  5:32  Adept, Probe  
  58  5:33  Probe  
  68  5:39  Oracle  
  71  5:53  Adept x2  
  71  5:54  Adept  
  77  6:00  Observer (Chrono Boost)  
  78  6:19  Pylon  
  78  6:41  Adept x5  
  67  7:03  Adept x2  
  67  7:04  Adept x2  
  71  7:18  Adept x2, Probe  
  71  7:20  Probe  
  69  7:25  Pylon  
  69  7:27  Nexus  
  67  7:30  Pylon  
  67  7:31  Immortal (Chrono Boost), Pylon  
  67  7:32  Pylon  
  67  7:59  Stalker  
  67  8:00  Stalker x5  
  67  8:01  Probe  
  67  8:02  Probe  
  85  8:05  Immortal (Chrono Boost)  
  85  8:13  Forge  
  85  8:18  Forge  
  85  8:20  Void Ray  
  85  8:21  Twilight Council  
  89  8:40  Immortal  
  93  8:53  Probe x2 (Chrono Boost)  
  93  8:54  Probe (Chrono Boost)  
  93  8:55  Stalker x3  
  98  8:56  Stalker  
  98  8:59  Resonating Glaives (Chrono Boost)  
  98  9:02  Protoss Ground Weapons Level 1  
  104  9:03  Protoss Ground Armor Level 1  
  104  9:09  Templar Archives  
  104  9:19  Immortal  
  108  9:45  Stalker  
  108  9:46  Stalker x5  
  108  9:48  Probe x2 (Chrono Boost)  
  122  9:54  Assimilator  
  122  9:57  Pylon  
  122  9:58  Assimilator  
  122  9:59  Immortal, Pylon  
  126  10:24  Probe x2  
  126  10:25  Probe  
  129  10:32  Adept x3  
  129  10:33  Adept  
  129  10:35  Probe x2  
  137  10:38  Immortal  
  133  11:07  Zealot x6  
  145  11:13  Psionic Storm, Blink (Chrono Boost)  
  145  11:22  Photon Cannon  
  145  11:33  Assimilator  
  145  11:38  Assimilator  
  145  11:41  Nexus  
  145  11:44  Pylon  
  145  11:45  Pylon  
  105  12:02  Zealot x4  
  105  12:03  Zealot x2  
Show
View Real Time Build Order
Export as new Build Order

blackxored Zerg - Winner!

Build Orders: 3 Hatch before Pool 

Get SALT Encoding   

  12  0:02  Drone  
  13  0:08  Drone  
  14  0:17  Overlord  
  14  0:23  Extractor, Drone  
  15  0:37  Drone x2  
  17  0:54  Hatchery  
  16  0:58  Drone  
  16  1:01  Drone  
  18  1:15  Extractor  
  17  1:24  Hatchery  
  16  1:27  Drone  
  16  1:29  Drone  
  18  1:44  Extractor  
  18  1:45  Spawning Pool  
  16  1:47  Drone  
  16  1:50  Drone  
  16  1:54  Drone  
  19  2:07  Drone x2  
  21  2:12  Drone  
  22  2:19  Drone  
  23  2:25  Drone  
  24  2:38  Zergling x2  
  24  2:39  Zergling x6  
  24  2:40  Queen  
  24  2:41  Queen  
  32  2:49  Queen  
  34  2:54  Overlord  
  34  2:59  Metabolic Boost  
  34  3:15  Drone x6  
  34  3:17  Drone  
  41  3:31  Drone x4  
  40  3:38  Drone x3  
  41  3:48  Drone  
  41  3:54  Extractor  
  41  3:55  Roach Warren  
  40  3:58  Drone x2  
  42  4:06  Overlord  
  42  4:21  Extractor  
  42  4:23  Extractor  
  40  4:25  Drone x3  
  40  4:26  Drone x3  
  40  4:28  Drone x4  
  50  4:31  Overlord  
  50  4:35  Extractor  
  50  4:36  Extractor  
  48  4:41  Drone  
  48  4:42  Drone  
  50  4:50  Drone x4  
  50  4:51  Drone x2  
  56  4:55  Drone x2  
  56  4:58  Overlord x2  
  56  4:59  Overlord  
  58  5:26  Lair  
  58  5:27  Roach x2  
  58  5:28  Roach x7  
  75  5:36  Overlord  
  75  5:38  Overlord  
  75  5:45  Roach x3  
  81  5:54  Overlord  
  83  5:57  Roach x5  
  91  6:12  Roach x3  
  91  6:13  Roach x3  
  91  6:15  Overlord  
  103  6:18  Overlord  
  103  6:28  Overlord  
  103  6:44  Queen  
  98  6:49  Drone x5  
  98  6:50  Drone x3  
  99  6:58  Roach  
  99  6:59  Roach x6  
  106  7:06  Roach x2  
  108  7:14  Drone x4  
  98  7:29  Drone x3  
  92  7:40  Drone  
  93  7:53  Drone x5  
  97  8:00  Glial Reconstitution  
  97  8:04  Overseer  
  97  8:08  Drone  
  97  8:09  Drone x2  
  97  8:10  Drone  
  97  8:12  Drone  
  102  8:15  Drone  
  102  8:16  Drone  
  102  8:18  Drone  
  105  8:23  Queen  
  107  8:28  Queen  
  107  8:30  Drone  
  107  8:31  Drone  
  107  8:33  Drone  
  112  8:34  Drone  
  112  8:37  Drone x2  
  112  8:39  Drone  
  116  8:41  Drone  
  116  8:43  Drone  
  116  8:47  Drone  
  114  8:56  Spore Crawler  
  114  8:57  Roach x2  
  114  9:02  Drone  
  118  9:03  Evolution Chamber  
  118  9:04  Evolution Chamber  
  118  9:05  Drone x2  
  118  9:09  Drone  
  119  9:13  Drone  
  120  9:18  Ravager  
  120  9:19  Ravager  
  120  9:20  Overlord  
  120  9:21  Overlord  
  122  9:28  Spore Crawler  
  122  9:29  Drone  
  121  9:43  Roach x6  
  121  9:44  Roach  
  135  9:52  Drone x2  
  137  9:53  Drone  
  137  9:59  Overlord  
  138  10:00  Overlord  
  138  10:02  Zerg Missile Weapons Level 1, Zerg Ground Armor Level 1  
  138  10:17  Queen  
  138  10:19  Ravager  
  141  10:22  Spore Crawler  
  141  10:27  Ravager x6  
  141  10:28  Ravager x7  
  151  10:29  Zergling x2  
  151  10:32  Overlord  
  151  10:33  Overlord x3  
  154  10:38  Spire  
  146  11:08  Overseer  
  147  11:11  Drone x4  
  147  11:12  Drone  
  147  11:15  Zergling x20  
  161  11:22  Queen  
  161  11:23  Queen  
  165  11:27  Zergling x6  
  165  11:28  Zergling x4, Hatchery  
  165  11:30  Ravager x5  
  165  11:31  Ravager x4  
  178  11:38  Overlord x2  
  178  11:39  Overlord  
  154  11:57  Queen  
  154  11:58  Zergling x2  
  154  11:59  Zergling x16  
  139  12:09  Zergling x4  
  131  12:18  Zergling x4  
  127  12:24  Zergling x2  
  127  12:25  Zergling x2  
  127  12:28  Zergling x2  
  130  12:40  Zergling x8  
  134  12:45  Ravager x3  
  137  12:56  Infestation Pit  
Tags
 
Add a new tag
Caveats
  • Supply blocks, unpowered buildings, or Contaminate may cause inaccurate times.
  • Supply counts are checked every 10 seconds.